 Dungeon Crawl Stone Soup version 0.18.1-48-g4cf74bf (webtiles) character file.

337 gigapuddisalt the Shooter (level 6, -3/36 HPs)
             Began as a Kobold Hunter on July 6, 2016.
             Slain by a hill giant
             ... wielding a +0 giant club
              (24 damage)
             ... on level 6 of the Dungeon.
             The game lasted 00:37:47 (3691 turns).

gigapuddisalt the Shooter (Kobold Hunter)           Turns: 3691, Time: 00:37:47

Health: -3/36      AC:  9    Str: 11      XL:     6   Next: 85%
Magic:  5/5        EV: 16    Int:  9 (12) God:    Xom [.....*]
Gold:   198        SH:  0    Dex: 18      Spells: 0 memorised, 5 levels left

rFire  . . .     SeeInvis .     a - +1 shortbow
rCold  + . .     Gourm    .     v - +3 leather armour {rC+}
rNeg   . . .     Faith    .     (shield currently unavailable)
rPois  .         Spirit   .     (no helmet)
rElec  .         Dismiss  .     l - +2 cloak
rCorr  .         Reflect  .     (no gloves)
SustAt .         Harm     .     (no boots)
MR     .....                    x - amulet of regeneration
Stlth  ++........               (no ring)
                                h - +3 ring of intelligence

@: not resistant to hostile enchantments, unstealthy
A: carnivore 3, deterioration 1, low mp 1
a: Renounce Religion


You were on level 6 of the Dungeon.
You worshipped Xom.
You were Xom's teddy bear.
You were near starving.

You visited 1 branch of the dungeon, and saw 6 of its levels.

You collected 198 gold pieces.

Inventory:

Hand Weapons
 a - a +1 shortbow (weapon)
 b - a +0 short sword
 k - a +1 vampiric dagger
Missiles
 d - 35 arrows (quivered)
Armour
 l - a +2 cloak (worn)
 v - a +3 leather armour of cold resistance (worn)
Magical Staves
 c - an uncursed staff of poison {unknown}
Jewellery
 h - a +3 ring of intelligence (left hand)
 x - an amulet of regeneration (around neck)
Scrolls
 m - a scroll of remove curse
 o - 2 scrolls of amnesia
 q - a scroll of recharging
 r - a scroll of identify
 t - a scroll of enchant weapon {unknown}
 w - a scroll of blinking
Potions
 e - a potion of lignification {unknown}
 i - a potion of haste {unknown}
 j - a potion of brilliance {unknown}
 n - a potion of flight
 p - a potion of magic {unknown}
Comestibles
 f - 2 meat rations
 u - a beef jerky


   Skills:
 + Level 2.3 Fighting
 + Level 6.1 Bows
 + Level 1.4 Armour
 + Level 3.6 Dodging
 * Level 2.5 Stealth


You had 5 spell levels left.
You didn't know any spells.

Dungeon Overview and Level Annotations

Branches:
Dungeon (6/15)
 Temple: D:4-7

Altars:
Makhleb
Pakellas
Xom
Yredelemnul

Shops:
D:4 }

Annotations:
D:4 Crazy Yiuf
D:5 poirepourri's ghost, amateur DECj


Innate Abilities, Weirdness & Mutations

You are small and have problems with some larger weapons.
You are carnivorous and can eat meat at any time.
Your body sometimes deteriorates upon taking damage.
Your magical capacity is low (-10% MP).


Message History

The hill giant is heavily wounded.
Firing (i - inventory):
d - 36 arrows (quivered)
Press: ? - help, Shift-Dir - straight line, f/p - hill giant
Aim: a hill giant, wielding a giant club (heavily wounded)
You shoot an arrow.
The arrow hits the hill giant but does no damage.
The hill giant is heavily wounded.
You feel sick.
You are no longer poisoned.
The hill giant hits you with a giant club!!
Ouch! That really hurt!
Your body deteriorates!
You feel dopey.
There is a stone staircase leading up here.
You see here an arrow.
You see here an arrow.
There is a stone staircase leading down here.
The hill giant hits you with a giant club!!
Ouch! That really hurt!
You die...
Xom thinks this is hilarious!

#....C. ...... #(#
#...... ###### #.#
#.....= #(# #.$..$.
#.# #.....(####+###
####.##
#...(...(.....#
#..(..#
#.#.......(...#
#..(..#
#.......C...#
#.(.###
######.@..>.####<.##
#.....>..(.)##
####+#.###### #.†.#
#####


You could see a hill giant.

Vanquished Creatures
  A phantom (D:4)
  A hound (D:2)
  An orc wizard (D:6)
  A gnoll shaman (D:4)
  6 gnolls
  2 adders
  A shadow imp (D:6)
  2 worms
  5 dart slugs
  An orc (D:4)
  11 bats
  A giant cockroach (D:4)
  8 goblins
  7 hobgoblins
  3 jackals (D:2)
  4 kobolds
  2 quokkas
  2 ball pythons
  3 giant newts
  A quokka skeleton (D:4)
  4 rats
67 creatures vanquished.

Vanquished Creatures (collateral kills)
  2 orcs (D:5)
2 creatures vanquished.

Vanquished Creatures (others)
  A ghoul (D:1)
  A draconian (D:1)
  An octopode (D:1)
  3 gargoyles (D:1)
  A vine stalker (D:1)
  A naga (D:1)
  A dwarf (D:1)
  A centaur (D:1)
  2 mummies (D:1)
  2 gnolls (D:4)
  An adder (D:6)
  7 tentacles (D:1)
  43 tentacle segments (D:1)
65 creatures vanquished.

Grand Total: 134 creatures vanquished

Notes
Turn   | Place    | Note
--------------------------------------------------------------
     0 | D:1      | gigapuddisalt the Kobold Hunter began the quest for the Orb.
     0 | D:1      | Reached XP level 1. HP: 12/12 MP: 1/1
     0 | D:1      | Noticed a ghoul
     0 | D:1      | Noticed a gargoyle
     0 | D:1      | Noticed an octopode
     0 | D:1      | Noticed a dwarf
     0 | D:1      | Noticed a naga
     0 | D:1      | Noticed a vine stalker
     0 | D:1      | Noticed a kraken
     0 | D:1      | Noticed a gargoyle
     0 | D:1      | Noticed a draconian
     0 | D:1      | Noticed a gargoyle
     0 | D:1      | Noticed a centaur
     3 | D:1      | Killed a naga
     4 | D:1      | Killed a centaur
     6 | D:1      | Killed a gargoyle
     7 | D:1      | Killed a dwarf
     8 | D:1      | Killed a gargoyle
    14 | D:1      | Killed a gargoyle
    14 | D:1      | Killed an octopode
    15 | D:1      | Killed a vine stalker
    16 | D:1      | Killed a draconian
    17 | D:1      | Killed a ghoul
   107 | D:1      | Reached XP level 2. HP: 17/17 MP: 2/2
   227 | D:1      | Reached skill level 4 in Bows
   423 | D:1      | Reached XP level 3. HP: 20/21 MP: 3/3
   756 | D:2      | Found a faded altar to an unknown god.
  1260 | D:2      | Reached XP level 4. HP: 27/27 MP: 4/4
  1362 | D:2      | Found a burning altar of Makhleb.
  2180 | D:3      | Reached XP level 5. HP: 31/31 MP: 5/5
  2304 | D:3      | Reached skill level 5 in Bows
  2304 | D:3      | Reached skill level 1 in Armour
  2371 | D:3      | Found a shimmering altar of Xom.
  2451 | D:3      | Became a worshipper of Xom of Chaos
  2496 | D:3      | XOM: divination: detect creatures
  2737 | D:4      | XOM: silly message
  2911 | D:4      | Found a basalt altar of Yredelemnul.
  2954 | D:4      | Found an oddly glowing altar of Pakellas.
  2954 | D:4      | Found Pakellas's Prime Provisions.
  2974 | D:4      | Noticed a phantom
  3010 | D:4      | XOM: divination: detect creatures
  3023 | D:4      | Killed a phantom
  3023 | D:4      | Reached XP level 6. HP: 35/36 MP: 6/6
  3161 | D:4      | XOM: divination: detect items
  3177 | D:4      | XOM: divine lightning (protected)
  3191 | D:4      | Reached skill level 6 in Bows
  3358 | D:4      | Noticed Crazy Yiuf
  3488 | D:4      | XOM: give mutations
  3488 | D:4      | Gained mutation: Your magical capacity is low (-10% MP). [Xom's mischief]
  3488 | D:4      | Gained mutation: Your body sometimes deteriorates upon taking damage. [Xom's mischief]
  3494 | D:5      | Entered Level 5 of the Dungeon
  3496 | D:5      | Noticed poirepourri's ghost (amateur DECj)
  3513 | D:6      | XOM: fog
  3561 | D:6      | Noticed an ogre
  3561 | D:6      | Noticed a hill giant
  3620 | D:6      | XOM: summons friendly crimson imp
  3622 | D:6      | XOM: harmless Hex miscast
  3639 | D:6      | XOM: enchant monster (good)
  3667 | D:6      | XOM: stat loss: -1 Int (10/12)
  3668 | D:6      | XOM: destruction
  3669 | D:6      | XOM: summons friendly iron imp
  3691 | D:6      | Slain by a hill giant

Skill      XL: |  1  2  3  4  5  6 |
---------------+-------------------+-----
Bows           | 4 5 6 |  6.1
Dodging        | 3 |  3.6
Armour         | 1 |  1.4
Stealth        | 2 |  2.5
Fighting       | |  2.3

Action                   |  1- 3 |  4- 6 || total
-------------------------+-------+-------++-------
 Fire: Shortbow          |    63 |   190 ||   253
  Use: Scroll            |     2 |     7 ||     9
       Potion            |       |     6 ||     6
  Eat: Meat ration       |     1 |       ||     1
Armor: Leather armour    |     4 |    38 ||    42
Dodge: Dodged            |    34 |   110 ||   144
